 Dungeon Crawl Stone Soup version 0.30.1-4-g462c640d31 (webtiles) character file.

Game seed: 1992511402641597382

174 Diggabert the Cudgeller (level 5, -2/44 HPs)
             Began as an Armataur Gladiator on Aug 12, 2023.
             Slain by a gnoll bouda
             ... wielding a +0 club
              (8 damage)
             ... on level 4 of the Dungeon.
             The game lasted 00:04:32 (2853 turns).

Diggabert the Cudgeller (Armataur Gladiator)        Turns: 2853, Time: 00:04:32

Health: -2/44      AC: 12    Str: 22    XL:     5   Next: 28%
Magic:  5/5        EV:  7    Int:  8    God:
Gold:   182        SH:  0    Dex: 11    Spells: 4/4 levels left

rFire   . . .        a - +1 flail
rCold   . . .        (no shield)
rNeg    . . .        p - +0 chain mail
rPois   .            c - +0 helmet
rElec   .            (no cloak)
rCorr   .            r - +2 pair of gloves
SInv    .            (no barding)
Will    .....        (no amulet) Stlth
                     (no ring)
HPRegen 0.27/turn    (no ring)
MPRegen 0.09/turn

%: roll
@: mighty, weakened
A: large, rugged brown scales 3, deformed body, armoured tail, roll, long
tongue, awkward tongue
a: no special abilities


You were on level 4 of the Dungeon.
You visited 1 branch of the dungeon, and saw 4 of its levels.

You collected 182 gold pieces.

Inventory:

Hand Weapons
 a - a +1 flail (weapon)
 k - a +2 vampiric spear
Missiles
 d - 3 throwing nets (quivered)
 e - 7 javelins
 t - 2 poisoned darts
Armour
 c - a +0 helmet (worn)
 p - a +0 chain mail (worn)
 r - a +2 pair of gloves (worn)
Scrolls
 b - a scroll of blinking {unknown}
 f - 2 scrolls of vulnerability {unknown}
 i - 2 scrolls of enchant weapon
 l - a scroll of amnesia {unknown}
 o - 4 scrolls of teleportation
 q - a scroll of magic mapping {unknown}
 u - a scroll of fog {unknown}
Potions
 g - a potion of invisibility
 j - 4 potions of lignification
 m - a potion of flight
 n - a potion of brilliance {unknown}
 s - 2 potions of degeneration {unknown}


   Skills:
 * Level 2.4 Fighting
 * Level 4.2 Maces & Flails
 - Level 1.7 Throwing
 * Level 2.5 Armour
 * Level 2.7 Dodging


You had 4 spell levels left.
You didn't know any spells.
Your spell library was empty.

Dungeon Overview and Level Annotations

Branches:
Dungeon (4/15)
 Temple: D:4-7

Altars:
Vehumet
Yredelemnul


Innate Abilities, Weirdness & Mutations

You are completely covered in rugged brown scales. (AC +3, +7% HP)
Armour fits poorly on your strangely shaped body.
You have a long armoured tail.
You roll when moving toward enemies. (Rampage)
Your long tongue fully drains potion bottles. (2x potion effects)
Your tongue gives you trouble enunciating. (1.5x scroll delay)


Message History

You tail-slap the gnoll bouda.
The gnoll bouda is severely wounded.
The gnoll bouda barely misses you.
The gnoll hits you from afar with a +0 spear.
The gnoll bouda gazes fiercely through you!
You feel as though you will be weak longer.
The gnoll bouda hits you but does no damage.
You closely miss the gnoll bouda.
The gnoll bouda is severely wounded.
The gnoll hits you from afar with a +0 spear.
* * * LOW HITPOINT WARNING * * *
The gnoll bouda barks out a call to the hunt!
The gnolls pick up the pace!
Unknown command.
You feel very mighty all of a sudden.
You slurp down every last drop of the potion of might!
The gnoll barely misses you.
The gnoll bouda prays to its god.
The gnoll bouda is healed somewhat.
Unknown command.
You closely miss the gnoll bouda.
The gnoll bouda is moderately wounded.
The gnoll barely misses you.
The gnoll bouda hits you with a +0 club!
* * * LOW HITPOINT WARNING * * *
You barely miss the gnoll bouda.
The gnoll bouda is moderately wounded.
The gnoll hits you but does no damage.
A jelly comes into view.
The gnoll bouda hits you but does no damage.
The gnoll barely misses you.
You completely miss the gnoll bouda.
The gnoll bouda is moderately wounded.
The jelly jiggles.
The gnoll bouda hits you but does no damage.
The gnoll hits you but does no damage.
You closely miss the gnoll bouda.
The gnoll bouda is moderately wounded.
The gnoll bouda hits you with a +0 club!
You die...

.###.##.# ........#
###.#.# #....###
..#...#
###......###
#.#...#
........Jg..##
#.#...+
.###...##g#..##
#.....# ......
#g##..# #.....#
....g..
#g###.###.....#
....... #@#
#.......#.####
....g..
#.###..###........
....g..
.......####..####.
##.####..# #.......
... .#.###.......
.### ##..##.......
.##~.##...........
..#~~.P#........#.#
##.~##.##..####..


You could see a gnoll bouda, a jelly and 3 gnolls.

Vanquished Creatures
  2 hounds
  3 adders
  A worm (D:2)
  4 dart slugs
  6 orcs (D:3)
  5 endoplasms
  2 giant cockroaches
  5 hobgoblins
  2 jackals (D:2)
  4 quokkas
  7 ball pythons
  5 bats
  2 frilled lizards (D:1)
  10 goblins
  5 kobolds
  4 rats
67 creatures vanquished.

Notes
Turn   | Place    | Note
-------+----------+-------------------------------------------
     0 | D:1      | Diggabert the Armataur Gladiator began the quest for the
                  | Orb.
     0 | D:1      | Reached XP level 1. HP: 18/18 MP: 1/1
   199 | D:1      | Reached XP level 2. HP: 19/25 MP: 2/2
   240 | D:1      | Reached skill level 3 in Maces & Flails
   452 | D:1      | Reached skill level 1 in Armour
   514 | D:1      | Reached XP level 3. HP: 31/31 MP: 3/3
   650 | D:1      | Found a faded altar of an unknown god.
  1800 | D:2      | Reached XP level 4. HP: 31/38 MP: 4/4
  2128 | D:3      | Identified the +5 hand axe of the Eel {protect, Contam rC++
                  | Str+3 Int+3}
  2188 | D:3      | Reached skill level 4 in Maces & Flails
  2731 | D:4      | Found a basalt altar of Yredelemnul.
  2740 | D:4      | Found a radiant altar of Vehumet.
  2749 | D:4      | Reached XP level 5. HP: 35/44 MP: 5/5
  2853 | D:4      | Slain by a gnoll bouda

Illustrated notes

Levels and vault maps discovered:
D:1:      minmay_arrival_shattered_statue, layout_basic,
          dreamdust_ecumenical_altar_angels_and_demons
D:2:      layout_loops_corners, grunt_ministairs_5, minmay_pentomino_t4
D:3:      layout_basic
D:4:      layout_basic, mainiacjoe_overflow_swirl, serial_aquarium,
          aquarium_bridge_square [aquarium_subvault_wall,
          aquarium_subvault_wall, aquarium_subvault_bridge,
          aquarium_subvault_window], aquarium_window_corridor_3,
          aquarium_window_corner, aquarium_window_2, aquarium_window_2,
          aquarium_view_2d, aquarium_view_2d, aquarium_pool_1, grunt_tough_drop,
          uniq_blork_the_orc

Skill      XL: |  1  2  3  4 |
---------------+-------------+-----
Maces & Flails | 3 4 |  4.2
Fighting       | 2 |  2.4
Armour         | 1 2 |  2.5
Throwing       | |  1.7
Dodging        | |  2.7

Action                     |  1- 3 |  4- 6 || total
---------------------------+-------+-------++-------
  Melee: Flail             |   126 |    68 ||   194
         Tailslap          |     9 |    11 ||    20
    Use: Scroll            |     1 |     5 ||     6
         Potion            |       |     1 ||     1
 Armour: Leather armour    |    32 |       ||    32
         Chain mail        |    33 |    48 ||    81
  Dodge: Dodged            |    61 |    31 ||    92
